 Dungeon Crawl Stone Soup version 0.22-a0-377-g846bec1 (webtiles) character file.

763 grindst0ne the Skirmisher (level 7, -1/53 HPs)
             Began as an Octopode Fighter on Apr 27, 2018.
             Was an Initiate of Gozag.
             Slain by a centaur (4 damage)
             ... on level 5 of the Dungeon.
             The game lasted 00:06:32 (4295 turns).

grindst0ne the Skirmisher (Octopode Fighter)        Turns: 4295, Time: 00:06:33

Health: -1/53      AC:  1    Str: 15    XL:     7   Next: 81%
Magic:  7/7        EV: 12    Int: 12    God:    Gozag
Gold:   664        SH: 10    Dex: 14    Spells: 6/6 levels left

rFire    . . .     SeeInvis .   a - +0 war axe
rCold    . . .     Gourm    .   b - +0 shield
rNeg     . . .     Faith    .   (helmet restricted)
rPois    .         Spirit   .   (no amulet)
rElec    .         Reflect  .   (no ring)
rCorr    .         Harm     .   (no ring)
MR       +....     Rnd*Tele +   (no ring)
Stlth    ++........             (no ring)
HPRegen  0.17/turn              (no ring)
MPRegen  0.10/turn              (no ring)
                                (no ring)
                                (no ring)

@: lethally poisoned (-1 -> -1), starving
A: almost no armour, stealthy swim, amphibious, 8 rings, constrict 8, camouflage
1, agile 1, magic resistance 1, teleportitis 1, gelatinous body 1, evolution 1
a: Potion Petition, Call Merchant, Bribe Branch, Renounce Religion


You were on level 5 of the Dungeon.
You worshipped Gozag.
Gozag was pleased with you.
You were starving.

You visited 1 branch of the dungeon, and saw 5 of its levels.

You collected 682 gold pieces.
You paid 18 gold pieces to Gozag.

Inventory:

Hand Weapons
 a - a +0 war axe (weapon)
Missiles
 f - a throwing net (quivered)
Armour
 b - a +0 shield (worn)
Jewellery
 q - an uncursed ring of magical power {unknown}
Scrolls
 c - 2 scrolls of blinking {unknown}
 e - 2 scrolls of teleportation {unknown}
 g - a scroll of enchant weapon {unknown}
 i - a scroll of magic mapping {unknown}
 j - 6 scrolls of identify {unknown}
 k - 2 scrolls of remove curse {unknown}
 p - a scroll of random uselessness {unknown}
Comestibles
 d - 4 rations


   Skills:
 + Level 6.6 Fighting
 - Level 2.1 Axes
 - Level 3.0 Dodging
 + Level 6.6 Shields


You had 6 spell levels left.
You didn't know any spells.

Dungeon Overview and Level Annotations

Branches:
Dungeon (5/15)             Temple (0/1) D:4

Altars:
Fedhas
Gozag
Nemelex Xobeh
Qazlal
Ru
Wu Jian
Zin

Annotations:
D:3 exclusion: oklob plant


Innate Abilities, Weirdness & Mutations

You cannot wear most types of armour.
You are very stealthy in the water. (Stealth+)
You are amphibious.
You can wear up to eight rings at the same time.
You can use your tentacles to constrict eight enemies at once.
Your skin changes colour to match your surroundings (Stealth+).
Your rubbery body absorbs attacks. (AC +1, EV +1)
You are agile. (Dex +2)
You are resistant to hostile enchantments. (MR+)
You are occasionally teleported next to monsters.
You evolve.


Message History

Your shield prevents you from hitting the centaur.
The centaur is lightly wounded.
You block the centaur's attack. The centaur hits you.
You hit the centaur. Your squeeze misses the centaur.
The centaur is moderately wounded.
You feel sick. The centaur barely misses you. The centaur misses you.
You barely miss the centaur. You squeeze the centaur!
The centaur is severely wounded.
The centaur hits you. The centaur misses you.
You barely miss the centaur.
The centaur is severely wounded.
The centaur misses you. The centaur hits you!
* * * LOW HITPOINT WARNING * * *
You hit the centaur.
The centaur is almost dead.
You feel sick. The centaur hits you.
* * * LOW HITPOINT WARNING * * *
You block the centaur's attack. The centaur hits you.
You die...
Your body crumbles into a pile of gold.

#.## ...........
.#####..## #.>........#
.........####...........
♣..<..♣....(#...........
.........##.$$.........
.#####..##$$#(.......##.
#.##...............
#+#?..##...........
....# #...@...#.# #....
#....c......
####.....###.##....
####... .. ... ##.# .#.
.. #. .#.. .# .. .. ...


You could see a centaur.

Vanquished Creatures
  Grinder (D:4)
  A howler monkey (D:5)
  2 hounds (D:4)
  2 orc priests
  3 orc wizards (D:4)
  Terence (D:3)
  3 worker ants (D:4)
  A hound zombie (D:5)
  A hound skeleton (D:5)
  5 adders
  4 gnolls (D:4)
  2 worms
  3 dart slugs
  3 leopard geckos
  17 orcs
  5 giant cockroaches
  5 goblins
  7 hobgoblins
  13 jackals
  7 kobolds
  2 quokkas
  2 ball pythons
  9 bats
  5 frilled lizards
  A giant cockroach zombie (D:2)
  A leopard gecko skeleton (D:4)
  12 rats
118 creatures vanquished.

Notes
Turn   | Place    | Note
-------+----------+-------------------------------------------
     0 | D:1      | grindst0ne the Octopode Fighter began the quest for the Orb.
     0 | D:1      | Reached XP level 1. HP: 16/16 MP: 1/1
   133 | D:1      | Reached XP level 2. HP: 20/21 MP: 2/2
   639 | D:1      | Reached XP level 3. HP: 26/26 MP: 3/3
  1311 | D:2      | Found an opulent altar of Gozag.
  1321 | D:2      | Became a worshipper of Gozag Ym Sagoz the Greedy
  1404 | D:2      | Reached XP level 4. HP: 29/33 MP: 4/4
  1556 | D:2      | Found an ornate altar of the Wu Jian Council.
  1898 | D:3      | Found a blossoming altar of Fedhas.
  2055 | D:3      | Found a glowing silver altar of Zin.
  2418 | D:3      | Reached XP level 5. HP: 38/38 MP: 5/5
  2885 | D:3      | Noticed Terence
  2895 | D:3      | Killed Terence
  2931 | D:3      | Found a blossoming altar of Fedhas.
  2947 | D:3      | Noticed an oklob plant
  3048 | D:4      | Noticed Grinder
  3053 | D:4      | Paralysed by Grinder for 4 turns
  3062 | D:4      | Killed Grinder
  3062 | D:4      | Reached skill level 5 in Fighting
  3062 | D:4      | Reached skill level 5 in Shields
  3062 | D:4      | Reached XP level 6. HP: 6/45 MP: 6/6
  3299 | D:4      | Found a sacrificial altar of Ru.
  3308 | D:4      | Found a sparkling altar of Nemelex Xobeh.
  3320 | D:4      | Reached XP level 7. HP: 46/51 MP: 7/7
  3384 | D:4      | Found a staircase to the Ecumenical Temple.
  3436 | D:4      | Gained mutation: You are resistant to hostile enchantments. (MR+) [potion of mutation]
  3436 | D:4      | Gained mutation: You are occasionally teleported next to monsters. [potion of mutation]
  3436 | D:4      | Gained mutation: You evolve. [potion of mutation]
  3436 | D:4      | Gained mutation: You are agile. (Dex +2) [potion of mutation]
  3965 | D:4      | Found a stormy altar of Qazlal.
  4253 | D:5      | Entered Level 5 of the Dungeon
  4295 | D:5      | Slain by a centaur

Vault maps used:
D:1:      lightli_arrival_flooded_house
D:2:      grunt_gozag_statues, nicolae_overflow_hidden_temple, hex_tiny,
          grunt_ministairs_6, dk_noncrumbling_3
D:3:      lemuel_round_altar, lemuel_doored_altar, tgw_fedhas, uniq_terence
D:4:      nicolae_ru_sacrificial_ziggurat, nemelex_xobeh_ov_fountains_minmay,
          nicolae_qazlal_eye_of_the_storm, minmay_temple_entry_butterflies,
          first_ration, uniq_grinder
D:5:      grunt_ministairs_15, serial_bayou_pond_d, uniq_crazy_yiuf_cottage

Skill      XL: |  1  2  3  4  5  6  7 |
---------------+----------------------+-----
Fighting       | 4 5 6 |  6.6
Shields        | 4 5 6 |  6.6
Axes           | |  2.1
Dodging        | |  3.0

Action                   |  1- 3 |  4- 6 |  7- 9 || total
-------------------------+-------+-------+-------++-------
Melee: War axe           |    72 |    93 |    68 ||   233
       Constrict         |    15 |    34 |    17 ||    66
       Tentacles         |     9 |    15 |    17 ||    41
Invok: Potion Petition   |       |       |     1 ||     1
  Use: Potion            |     1 |     2 |     5 ||     8
 Stab: Sleeping          |     4 |     8 |     3 ||    15
       Invisible         |       |       |     5 ||     5
       Distracted        |       |       |     2 ||     2
  Eat: Chunk             |     2 |       |       ||     2
       Ration            |       |     2 |       ||     2
Armor: Skin              |     7 |     7 |     3 ||    17
Dodge: Dodged            |    36 |    30 |    47 ||   113
Block: Shield            |    35 |    40 |    37 ||   112

Table legend:
 A = Spawn XP
 B = Non-spawn XP
 C = Spawn XP percentage of total XP
 D = Spawn monster count
 E = Non-spawn monster count
 F = Spawn count percentage of total count
 G = Total turns spent on level
                    A         B        C        D         E        F      G
               +---------+---------+-------+---------+---------+-------+---------
         Total |       0 |    1090 |   0.0 |       0 |     118 |   0.0 |  4295
               +---------+---------+-------+---------+---------+-------+---------
           D:1 |       0 |      43 |   0.0 |       0 |      25 |   0.0 |  1111
           D:2 |       0 |      72 |   0.0 |       0 |      25 |   0.0 |   722
           D:3 |       0 |     153 |   0.0 |       0 |      31 |   0.0 |  1189
           D:4 |       0 |     708 |   0.0 |       0 |      29 |   0.0 |  1231
           D:5 |       0 |     114 |   0.0 |       0 |       8 |   0.0 |    42
               +---------+---------+-------+---------+---------+-------+---------
